Map: Central Protocol

Players

AcerBly (Bly)

  • Race: Zerg Zerg
  • League: Grandmaster

FireCake - Winner!

  • Race: Zerg Zerg
  • League: Grandmaster

Event: Gauntlet LotV Series 1 Qualifier 2

VOD

Have the link to the VOD?

Description

Time

  • Played on: Dec. 5, 2015, 7:11 p.m.
  • Length: 7:21

All games in this series

Show
View Real Time Build Order
Export as new Build Order

AcerBly Zerg 

Build Orders: Pool First, Zergling Baneling 

Get SALT Encoding   

  12  0:01  Drone  
  13  0:13  Drone  
  14  0:16  Extractor  
  13  0:28  Spawning Pool  
  13  0:33  Drone  
  13  0:36  Drone  
  14  0:44  Extractor  
  14  0:45  Drone  
  15  0:54  Overlord  
  15  1:16  Queen  
  15  1:17  Metabolic Boost  
  17  1:19  Zergling x2  
  17  1:23  Zergling x2  
  19  1:28  Zergling x2  
  20  1:39  Baneling Nest  
  19  1:41  Zergling x2  
  19  1:45  Zergling x2  
  21  1:59  Overlord  
  21  2:14  Zergling x2  
  22  2:19  Zergling x2  
  22  2:22  Baneling x4  
  23  2:25  Zergling x2  
  23  2:26  Zergling x4  
  23  2:29  Zergling x2  
  27  2:36  Baneling  
  27  2:42  Zergling x2  
  28  2:47  Baneling  
  22  3:08  Zergling x10  
  26  3:18  Zergling x2  
  27  3:26  Zergling x2  
  24  3:34  Baneling x3  
  24  3:37  Zergling x2  
  25  3:46  Hatchery  
  24  3:51  Baneling  
  22  4:06  Drone x3  
  24  4:14  Drone  
  25  4:31  Drone  
  25  4:51  Zergling x8  
  27  4:54  Queen  
  29  5:00  Evolution Chamber, Zergling x2  
  29  5:04  Zergling x2  
  29  5:05  Drone x2  
  32  5:07  Baneling x2  
  32  5:14  Overlord  
  32  5:23  Drone x4  
  36  5:40  Overlord  
  36  5:43  Overlord  
  34  5:51  Overlord  
  34  5:56  Baneling x5  
  34  5:58  Baneling x2  
  34  6:02  Drone x3  
  37  6:11  Zergling x2  
  37  6:12  Zergling x6  
  40  6:28  Roach Warren, Zergling x6  
  42  6:46  Baneling x2  
  41  6:48  Zergling x6  
  41  6:49  Zergling x2  
  44  7:01  Zergling x8  
Show
View Real Time Build Order
Export as new Build Order

FireCake Zerg - Winner!

Build Orders: Pool First 

Get SALT Encoding   

  12  0:00  Drone  
  13  0:09  Drone  
  14  0:17  Overlord  
  14  0:23  Drone, Extractor  
  15  0:35  Drone x2  
  17  0:45  Spawning Pool  
  17  0:48  Drone  
  17  1:03  Extractor  
  16  1:11  Hatchery  
  15  1:14  Drone  
  15  1:17  Drone  
  17  1:21  Drone  
  18  1:31  Drone  
  19  1:35  Queen  
  21  1:40  Zergling x2  
  22  1:48  Overlord  
  22  2:04  Metabolic Boost  
  22  2:06  Drone  
  23  2:11  Queen  
  25  2:17  Zergling x2  
  25  2:20  Spine Crawler  
  25  2:28  Zergling x2  
  27  2:32  Baneling Nest  
  26  2:38  Zergling x2  
  26  2:45  Zergling x8  
  30  2:52  Spore Crawler  
  22  3:07  Drone  
  22  3:15  Zergling x6  
  22  3:19  Baneling  
  22  3:35  Baneling  
  22  3:36  Drone x2  
  22  3:39  Zergling x4  
  26  3:45  Zergling x2  
  26  3:46  Zergling x2  
  27  4:06  Baneling x3  
  27  4:09  Drone x3  
  30  4:10  Drone  
  30  4:11  Drone  
  32  4:23  Drone x3  
  33  4:30  Drone x2  
  34  4:36  Drone  
  35  4:38  Overlord  
  35  4:52  Drone x2  
  36  4:57  Drone x2  
  38  5:03  Drone x4  
  42  5:10  Roach Warren  
  42  5:12  Queen, Extractor  
  42  5:13  Extractor  
  41  5:24  Overlord  
  41  5:27  Overlord  
  41  5:51  Roach x7  
  41  5:55  Overlord  
  55  6:01  Zergling x6  
  58  6:19  Baneling x2  
  58  6:20  Baneling x3  
  58  6:27  Zergling x18  
  58  6:32  Overlord x2  
  67  6:59  Roach x9  
Tags
 
Add a new tag
Caveats
  • Supply blocks, unpowered buildings, or Contaminate may cause inaccurate times.
  • Supply counts are checked every 10 seconds.